 Dungeon Crawl Stone Soup version 0.30.1-11-g7821555f0a (webtiles) character file.

Game seed: 14148912860932660747

397 Zrachosh the Tainter (level 6, -1/36 HPs)
             Began as an Octopode Venom Mage on Nov 24, 2023.
             Slain by a water moccasin zombie (5 damage)
             ... in an ossuary.
             The game lasted 00:28:00 (3483 turns).

Zrachosh the Tainter (Octopode Venom Mage)          Turns: 3483, Time: 00:28:00

Health: -1/36      AC:  1    Str:  7    XL:     6   Next: 83%
Magic:  10/10      EV: 13    Int: 19    God:
Gold:   141        SH:  0    Dex: 13    Spells: 8/11 levels left

rFire   + . .        r - +2 quarterstaff (heavy)
rCold   . . .        (shield currently unavailable)
rNeg    . . .        (helmet restricted)
rPois   .            (no amulet)
rElec   .            s - ring of wizardry
rCorr   .            w - ring of protection from fire
SInv    .            (no ring)
Will    .....        (no ring)
Stlth   +++          (no ring)
HPRegen 0.26/turn    (no ring)
MPRegen 0.12/turn    (no ring)
                     (no ring)

%: wizardry (x1)
@: no status effects
A: almost no armour, amphibious, 8 rings, camouflage 1, gelatinous body 1,
(nimble swimmer 1), tentacles
a: no special abilities


You were in an ossuary.
You visited 1 branch of the dungeon, and saw 5 of its levels.
You also visited: Ossuary.

You collected 141 gold pieces.

Inventory:

Hand Weapons
 r - a +2 heavy quarterstaff (weapon)
 v - a +2 sling of freezing
Missiles
 u - 6 poisoned darts
Jewellery
 s - a ring of wizardry (left tentacle)
 w - a ring of protection from fire (right tentacle)
Wands
 o - a wand of iceblast (6)
Scrolls
 e - 5 scrolls of teleportation {unknown}
 f - a scroll of enchant armour {unknown}
 j - a scroll of summoning {unknown}
 k - 2 scrolls of immolation {unknown}
 l - 2 scrolls of blinking {unknown}
 n - a scroll of fear {unknown}
 p - 2 scrolls of torment {unknown}
 q - 2 scrolls of amnesia {unknown}
 x - a scroll of enchant weapon {unknown}
 y - a scroll of identify {unknown}
Potions
 a - 2 potions of magic
 b - a potion of degeneration {unknown}
 c - 2 potions of lignification {unknown}
 d - a potion of brilliance {unknown}
 g - 2 potions of might {unknown}
 h - 5 potions of curing {unknown}
 i - a potion of attraction {unknown}
 m - a potion of flight {unknown}
 t - a potion of invisibility {unknown}


   Skills:
 + Level 2.0 Dodging
 - Level 2.6 Stealth
 * Level 3.0 Spellcasting
 - Level 1.0 Transmutations
 * Level 8.3 Poison Magic


You had 8 spell levels left.
You knew the following spells:

 Your Spells              Type           Power      Damage    Failure   Level
a - Sting                 Tmut/Pois      80%        1d7       1%          1
b - Poisonous Vapours     Pois/Air       36%        N/A       1%          2

Your spell library contained the following spells:

 Spells                   Type           Power      Damage    Failure   Level
 Olgreb's Toxic Radiance  Pois           34%        N/A       1%          4
 Summon Small Mammal      Summ           8%         N/A       6%          1
 Mephitic Cloud           Conj/Pois/Air  13%        N/A       6%          3
 Call Canine Familiar     Summ           2%         N/A       17%         3
 Summon Guardian Golem    Hex/Summ       2%         N/A       17%         3


Dungeon Overview and Level Annotations

Branches:
Dungeon (5/15)             Temple (0/1) D:5         Ossuary (1/1)

Altars:
Trog
Xom

Shops:
D:1 (

Annotations:
D:4 Blork the orc


Innate Abilities, Weirdness & Mutations

You cannot wear most types of armour.
You are amphibious.
You can wear up to eight rings at the same time.
Your skin changes colour to match your surroundings (Stealth+).
Your rubbery body absorbs attacks. (AC +1, EV +1)
((You are camouflaged when in or above water. (Stealth+)))
You have tentacles for arms and can constrict up to eight enemies at once.


Message History

A hobgoblin zombie comes into view.
You barely miss the water moccasin zombie.
You grab the water moccasin zombie.
You constrict the water moccasin zombie.
The water moccasin zombie barely misses you.
The water moccasin zombie bites you.
The water moccasin zombie barely misses you.
You hit the water moccasin zombie.
Your squeeze misses the water moccasin zombie.
The water moccasin zombie is lightly damaged.
You constrict the water moccasin zombie.
The water moccasin zombie closely misses you.
The water moccasin zombie bites you.
You hit the water moccasin zombie. You squeeze the water moccasin zombie!
The water moccasin zombie is heavily damaged.
You constrict the water moccasin zombie.
The water moccasin zombie bites you. x2
You thump the water moccasin zombie!
You destroy the water moccasin zombie!
The water moccasin zombie bites you! The water moccasin zombie bites you.
* * * LOW HITPOINT WARNING * * *
Your Spellcasting skill increases to level 3!
You barely miss the water moccasin zombie.
Your grab misses the water moccasin zombie.
You squeeze the water moccasin zombie.
The water moccasin zombie is lightly damaged.
The water moccasin zombie bites you!
* * * LOW HITPOINT WARNING * * *
The water moccasin zombie misses you.
Press: ? - help, v - describe, . - travel
Here: a water moccasin zombie (lightly damaged)
An open door.
Aiming: Iceblast
Press: ? - help, Shift-Dir - straight line, f - you
Okay, then.
You thump the water moccasin zombie! You grab the water moccasin zombie.
The water moccasin zombie is moderately damaged.
You constrict the water moccasin zombie.
The water moccasin zombie bites you.
You die...

##############
#...'..@ZZZ..#
#...#...#Z...#
#...#...# ...+
###'##### ###
#...# #...#
#...# #...#
#'###


You could see an adder zombie, a water moccasin zombie and 2 hobgoblin zombies.

Vanquished Creatures
  An ogre (D:5)
  A water moccasin zombie (Ossuary)
  A hound (D:3)
  3 iguanas
  3 gnolls
  4 adders
  An ufetubus (D:5)
  An adder zombie (Ossuary)
  2 worms
  3 orcs (D:3)
  3 bats (D:1)
  12 endoplasms
  2 giant cockroaches
  7 goblins
  8 hobgoblins
  A quokka (D:2)
  A ball python (D:2)
  3 frilled lizards (D:3)
  2 gnoll zombies (Ossuary)
  3 hobgoblin zombies (Ossuary)
  9 kobolds
  2 kobold zombies (Ossuary)
  2 rats
75 creatures vanquished.

Notes
Turn   | Place    | Note
-------+----------+-------------------------------------------
     0 | D:1      | Zrachosh the Octopode Venom Mage began the quest for the
                  | Orb.
     0 | D:1      | Reached XP level 1. HP: 11/11 MP: 3/3
    90 | D:1      | Reached skill level 4 in Poison Magic
   166 | D:1      | Reached XP level 2. HP: 17/17 MP: 3/5
   423 | D:1      | Found Deozomm's Antique Weapon Boutique.
   523 | D:1      | Reached skill level 5 in Poison Magic
   523 | D:1      | Reached XP level 3. HP: 21/21 MP: 6/6
  1273 | D:2      | Found a faded altar of an unknown god.
  1460 | D:2      | Reached XP level 4. HP: 26/27 MP: 7/7
  1647 | D:3      | Reached skill level 6 in Poison Magic
  1682 | D:3      | Learned a level 2 spell: Poisonous Vapours
  1746 | D:3      | Found a shimmering altar of Xom.
  2037 | D:3      | Reached XP level 5. HP: 3/31 MP: 0/8
  2643 | D:2      | Reached skill level 7 in Poison Magic
  3004 | D:4      | Found a bloodstained altar of Trog.
  3025 | D:4      | Noticed Blork the orc
  3035 | D:5      | Entered Level 5 of the Dungeon
  3155 | D:5      | Found a staircase to the Ecumenical Temple.
  3166 | D:5      | Reached XP level 6. HP: 15/36 MP: 5/9
  3298 | D:5      | Reached skill level 8 in Poison Magic
  3422 | D:5      | Found a sand-covered staircase.
  3427 | Ossuary  | Entered an ossuary
  3483 | Ossuary  | Slain by a water moccasin zombie

Illustrated notes

Levels and vault maps discovered:
D:1:      nzn_arrival_settlement, layout_basic, serial_shops, shop
D:2:      layout_basic, shapermc_ecumenical_altar_notcrosses
D:3:      layout_rooms, mainiacjoe_overflow_small_starburst
D:4:      layout_basic, mainiacjoe_overflow_brackets, ebering_ghost_inner_flame,
          feat_on_display, uniq_blork_the_orc, uniq_sigmund, uniq_robin
D:5:      layout_basic, minmay_temple_entry_stoned_glass, enter_ossuary_5
Ossuary:  ossuary_tomb_2

Skill      XL: |  1  2  3  4  5  6 |
---------------+-------------------+-----
Poison Magic   | 4 5 6 7 8 |  8.3
Spellcasting   | 3 |  3.0
Dodging        | |  2.0
Stealth        | |  2.6
Transmutations | |  1.0

Action                     |  1- 3 |  4- 6 || total
---------------------------+-------+-------++-------
  Melee: Unarmed           |    16 |       ||    16
         Constrict         |    17 |    13 ||    30
         Tentacles         |    17 |    11 ||    28
         Dagger            |    63 |    19 ||    82
         Punch             |     1 |     1 ||     2
         Quarterstaff      |       |    49 ||    49
   Cast: Sting             |    10 |    20 ||    30
         Poisonous Vapours |       |    13 ||    13
   Stab: Sleeping          |    13 |     4 ||    17
 Armour: Skin              |     5 |     2 ||     7
  Dodge: Dodged            |    27 |    60 ||    87
